 Dungeon Crawl Stone Soup version bcrawl-1.40.3b (webtiles) character file.

Game seed: 12991003789654676991

118764 Artagas the Sneak (level 5, 0/25 HPs)
             Began as a Spriggan Enchanter on Dec 4, 2023.
             Succumbed to an orc's poison
             ... on level 3 of the Dungeon.
             The game lasted 00:09:08 (3200 turns).

Artagas the Sneak (Spriggan Enchanter)              Turns: 3200, Time: 00:09:08

Health: 0/25       AC:  3    Str:  4    XL:     5   Next: 13%
Magic:  10/10      EV: 18    Int: 17    God:
Gold:   114        SH:  0    Dex: 17    Spells: 0/10 levels left

rFire    + . .     GDR:     28% a - +1 dagger
rCold    x . .     SeeInvis +   (shield restricted)
rNeg     . . .     Gourm    .   b - +0 robe
rPois    .         Faith    .   (helmet restricted)
rElec    .         Spirit   .   l - +0 cloak
rCorr    .         Reflect  .   (gloves unavailable)
MR       .....                  (boots unavailable)
Stlth    +++.......             (no amulet)
HPRegen  0.14/turn              g - ring of fire
MPRegen  0.12/turn              (no ring)

@: lethally poisoned (0 -> -8), very slightly contaminated, hasted, very quick
A: very small, unfitting armour, see invisible, herbivore, speed 3, slow
metabolism 2
a: no special abilities


You were on level 3 of the Dungeon.
You were not hungry.

You visited 1 branch of the dungeon, and saw 3 of its levels.

You collected 114 gold pieces.

Inventory:

Hand Weapons
 a - a +1 dagger (weapon)
Missiles
 j - 494 stones (quivered)
 k - 503 sling bullets
Armour
 b - a +0 robe (worn)
 l - a +0 cloak (worn)
   (You found it on level 1 of the Dungeon)
Jewellery
 g - a ring of fire (left hand)
   (You found it on level 3 of the Dungeon)
 i - the cursed amulet "Asoar" {Inacc rC+ Str-5 SInv}
   (You found it on level 1 of the Dungeon)

   [amulet of inaccuracy]

   It reduces the accuracy of all your attacks.
   It affects your strength (-5).
   It protects you from cold.
   It lets you see invisible.
   It has a curse placed upon it.
Scrolls
 m - a scroll of fog
 r - a scroll of identify
 w - 2 scrolls of remove curse
Potions
 d - a potion of might
 f - a potion of invisibility
 n - a potion of resistance
 o - 2 potions of brilliance
Comestibles
 e - 8 rations {!d}


   Skills:
 + Level 1.1 Fighting
 + Level 3.4 Short Blades
 - Level 3.0 Dodging
 + Level 6.5 Stealth
 - Level 3.0 Spellcasting
 + Level 4.5 Hexes


You couldn't memorise any spells.
You knew the following spells:

 Your Spells              Type           Power        Failure   Level  Hunger
a - Ensorcelled Hibernat  Hex/Ice        ##....       11%         2    #......
b - Confuse               Hex            ###.....     9%          3    ####...
c - Cause Fear            Hex            ###.......   26%         4    #####..
d - Slow                  Hex            ###.....     2%          1    None

Your spell library contained the following spells:

 Spells                   Type           Power        Failure   Level  Hunger
 Tukima's Dance           Hex            ###.....     9%          3    ####...
 Dazzling Orbs            Conj/Hex       ##.....      21%         3    ####...


Dungeon Overview and Level Annotations

Branches:
Dungeon (3/12)

Altars:
Trog


Innate Abilities, Weirdness & Mutations

You are very small and have problems with some larger weapons.
You are too small for most types of armour.
You have supernaturally acute eyesight. (SInv)
You are a herbivore.
You cover ground extremely quickly.
You need to consume almost no food.


Message History

Press: ? - help, Shift-Dir - straight line, f - orc
Aim: an orc, wielding a +0 trident of venom (hasn't noticed you, chance to defeat MR: 62%)
The orc shouts!
The orc resists with significant effort.
You hear a shout!
Casting: Ensorcelled Hibernation (safe; 11% risk of failure)
Confirm with . or Enter, or press ? or * to list all spells.
Aiming: Ensorcelled Hibernation (safe; 11% risk of failure)
Press: ? - help, Shift-Dir - straight line, f/p - orc
Aim: an orc, wielding a +0 trident of venom (chance to defeat MR: 62%)
You miscast Ensorcelled Hibernation.
You are very lightly contaminated with residual magic.
Strange energies run through your body.
Casting: Ensorcelled Hibernation (safe; 11% risk of failure)
Confirm with . or Enter, or press ? or * to list all spells.
Aiming: Ensorcelled Hibernation (safe; 11% risk of failure)
Press: ? - help, Shift-Dir - straight line, f/p - orc
Aim: an orc, wielding a +0 trident of venom (chance to defeat MR: 62%)
The orc resists with significant effort.
The orc barely misses you.
Casting: Ensorcelled Hibernation (safe; 11% risk of failure)
Confirm with . or Enter, or press ? or * to list all spells.
Aiming: Ensorcelled Hibernation (safe; 11% risk of failure)
Press: ? - help, Shift-Dir - straight line, f/p - orc
Aim: an orc, wielding a +0 trident of venom (chance to defeat MR: 62%)
The orc resists with significant effort.
Things that are here:
a +0 dagger; a +0 robe
There is a stone staircase leading up here.
Casting: Ensorcelled Hibernation (safe; 11% risk of failure)
Confirm with . or Enter, or press ? or * to list all spells.
Aiming: Ensorcelled Hibernation (safe; 11% risk of failure)
Press: ? - help, Shift-Dir - straight line, f/p - orc
Aim: an orc, wielding a +0 trident of venom (chance to defeat MR: 62%)
The orc looks drowsy...
The orc hits you with a +0 trident of venom.
You are poisoned.
You hit the orc.
The orc is severely wounded.
You feel sick.
Things that are here:
a +0 dagger; a +0 robe You hit the orc but do no damage.
The orc is severely wounded.
You feel sick. The orc barely misses you. The orc completely misses you.
Casting: Ensorcelled Hibernation (safe; 11% risk of failure)
Confirm with . or Enter, or press ? or * to list all spells.
Aiming: Ensorcelled Hibernation (safe; 11% risk of failure)
Press: ? - help, Shift-Dir - straight line, p - orc
Okay, then.
Casting: Ensorcelled Hibernation (safe; 11% risk of failure)
Confirm with . or Enter, or press ? or * to list all spells.
You don't have enough magic to cast that spell.
Unknown command.
You barely miss the orc.
The orc is severely wounded.
You feel sick.
The orc hits you with a +0 trident of venom.
You are lethally poisoned!
The orc hits you.
You feel yourself speed up.
You feel sick. The orc completely misses you. The orc closely misses you.
You feel sick.
The orc throws a poisoned tomahawk.
The poisoned tomahawk completely misses you.
* * * LOW HITPOINT WARNING * * *
You feel sick.
* * * LOW HITPOINT WARNING * * *
You feel sick.
The orc shouts!
It was a potion of magic.
Magic courses through your body.
* * * LOW HITPOINT WARNING * * *
You feel sick.
Okay, then.
Blink to where?
Press: ? - help, Dir - move target cursor
As you read the scroll labeled POURHA JIEWN, it crumbles to dust.
It was a scroll of blinking.
* * * LOW HITPOINT WARNING * * *
You feel sick.
The orc throws a poisoned tomahawk.
The poisoned tomahawk hits you but does no damage.
* * * LOW HITPOINT WARNING * * *
You feel sick.
Unknown command.
* * * LOW HITPOINT WARNING * * *
You feel sick.
Okay, then.
Okay, then.
There is a lethal amount of poison in your body!
Unknown command.
* * * LOW HITPOINT WARNING * * *
You feel sick.
Unknown command.
* * * LOW HITPOINT WARNING * * *
You feel sick.
The orc throws a poisoned tomahawk.
The poisoned tomahawk closely misses you.
Unknown command.
* * * LOW HITPOINT WARNING * * *
You feel sick.
You die...

### ..# #.# ###############
#.###.........#...# ########
.....§#.......#.#####......## #
......#......o..@...........# #
......#.<..o..#.#.###...)...# #
......#.......###.# #.......#####
##....#)####### #.# #............
##.#o#.# #.###......######
#.#...#########.........### #
#......<.....).####.......# #
###.####.#÷#####.##.......#.#####
....#.........##.####...........#


You could see 2 orcs.

Vanquished Creatures
  A crimson imp (D:3)
  An orc wizard (D:3)
  2 adders (D:3)
  An ooze (D:2)
  3 worms
  A dart slug (D:1)
  2 leopard geckos (D:2)
  3 orcs
  2 ball pythons (D:2)
  A bat (D:1)
  A giant cockroach (D:3)
  5 goblins
  7 hobgoblins
  4 jackals (D:2)
  2 quokkas (D:3)
  2 frilled lizards
  9 kobolds
  5 rats
52 creatures vanquished.

Notes
Turn   | Place    | Note
-------+----------+-------------------------------------------
     0 | D:1      | Artagas the Spriggan Enchanter began the quest for the Orb.
     0 | D:1      | Reached XP level 1. HP: 9/9 MP: 5/5
    72 | D:1      | Reached skill level 5 in Stealth
   464 | D:1      | Got a heavily runed tin amulet
   718 | D:1      | Reached skill level 2 in Short Blades
   718 | D:1      | Reached XP level 2. HP: 13/13 MP: 6/6
  1243 | D:1      | Identified the cursed amulet "Asoar" {Inacc rC+ Str-5 SInv}
                  | (You found it on level 1 of the Dungeon)
  1414 | D:1      | Learned a level 2 spell: Ensorcelled Hibernation
  1663 | D:2      | Reached XP level 3. HP: 16/16 MP: 2/8
  1821 | D:2      | Reached skill level 3 in Spellcasting
  1901 | D:2      | Found a bloodstained altar of Trog.
  1913 | D:2      | Learned a level 3 spell: Confuse
  2015 | D:2      | Reached skill level 4 in Hexes
  2245 | D:2      | Reached skill level 6 in Stealth
  2356 | D:3      | Reached skill level 3 in Short Blades
  2356 | D:3      | Reached XP level 4. HP: 21/21 MP: 9/9
  3049 | D:3      | Reached skill level 1 in Fighting
  3049 | D:3      | Reached XP level 5. HP: 25/25 MP: 7/10
  3066 | D:3      | Learned a level 4 spell: Cause Fear
  3190 | D:3      | HP: 3/25 [poisoned by an orc]
  3196 | D:3      | HP: 1/25 [poisoned by an orc]
  3200 | D:3      | Succumbed to an orc's poison

Skill      XL: |  1  2  3  4 |
---------------+-------------+-----
Stealth        | 5 6 |  6.5
Short Blades   | 2 3 |  3.4
Spellcasting   | 3 |  3.0
Hexes          | 4 |  4.5
Fighting       | 1 |  1.1
Dodging        | |  3.0

Action                   |  1- 3 |  4- 6 || total
-------------------------+-------+-------++-------
Melee: Dagger            |    72 |    28 ||   100
 Cast: Ensorcelled Hiber |    29 |    17 ||    46
       Slow              |     2 |       ||     2
  Use: Scroll            |     3 |     5 ||     8
       Potion            |       |     2 ||     2
 Stab: Sleeping          |    24 |    10 ||    34
  Eat: Ration            |       |     1 ||     1
Armor: Robe              |     4 |     2 ||     6
Dodge: Dodged            |    47 |    19 ||    66

Levels and vault maps discovered:
D:1:      dpeg_arrival_central, layout_basic
D:2:      layout_rooms, trog_butcher_becter
D:3:      layout_basic, first_ration, fedhas_altar_fruit_tree

Table legend:
 A = Turns spent in this place as a percentage of turns spent in the entire game.
 B = Non-inter-level travel turns spent in this place as a percentage of non-inter-level travel turns spent in the entire game.
 C = Inter-level travel turns spent in this place as a percentage of turns spent in this place.
 D = Turns resting spent in this place as a percentage of non-inter-level travel turns spent in this place.
 E = Turns spent auto-exploring this place as a percentage of non-inter-level travel turns spent in this place.
 F = Non-inter-level travel turns spent in this place divided by the number of levels of this place that you've seen.
                   A       B       C       D       E      F
               +-------+-------+-------+-------+-------+----------------------
         Total | 100.0 | 100.0 |   7.4 |   9.2 |  70.3 | 988.0
       Dungeon | 100.0 | 100.0 |   7.4 |   9.2 |  70.3 | 988.0
               +-------+-------+-------+-------+-------+----------------------

Table legend:
 A = Kills in this place as a percentage of kills in entire the game.
 B = Kills by you in this place as a percentage of kills by you in the entire game.
 C = Kills by friends in this place as a percentage of kills by friends in the entire game.
 D = Other kills in this place as a percentage of other kills in the entire game.
 E = Experience gained in this place as a percentage of experience gained in the entire game.
 F = Experience gained in this place divided by the number of levels of this place that you have seen.
                   A       B       C       D       E      F
               +-------+-------+-------+-------+-------+----------------------
         Total | 100.0 | 100.0 |   N/A |   N/A | 100.0 |  73.7
       Dungeon | 100.0 | 100.0 |   N/A |   N/A | 100.0 |  73.7
               +-------+-------+-------+-------+-------+----------------------
